 Dungeon Crawl Stone Soup version 0.30-a0-476-g330ca2eb8e (webtiles) character file.

Game seed: 5861636097348136479

83 bmack86 the Shield-Bearer (level 4, -8/40 HPs)
             Began as a Minotaur Fighter on Dec 22, 2022.
             Killed by nerve-wracking pain
             ... invoked by an orc priest
              (11 damage)
             ... on level 3 of the Dungeon.
             The game lasted 00:04:53 (1410 turns).

bmack86 the Shield-Bearer (Minotaur Fighter)        Turns: 1410, Time: 00:04:54

Health: -8/40      AC:  8    Str: 22    XL:     4   Next: 22%
Magic:  3/3        EV:  9    Int:  5    God:
Gold:   79         SH:  4    Dex: 10    Spells: 3/3 levels left

rFire   . . .      SeeInvis .    e - +0 broad axe
rCold   . . .      Faith    .    c - +0 buckler
rNeg    . . .      Spirit   .    b - +1 scale mail
rPois   .          Reflect  .    (helmet restricted)
rElec   .          Harm     .    (no cloak)
rCorr   .          Rampage  .    (no gloves)
Will    .....                    (no boots)
Stlth   ..........               (no amulet)
HPRegen 0.26/turn                (no ring)
MPRegen 0.08/turn                (no ring)

@: no status effects
A: horns 2, retaliatory headbutt
a: no special abilities


You were on level 3 of the Dungeon.
You visited 1 branch of the dungeon, and saw 3 of its levels.

You collected 79 gold pieces.

Inventory:

Hand Weapons
 a - a +0 war axe
 e - a +0 broad axe (weapon)
Missiles
 j - 4 poisoned darts (quivered)
Armour
 b - a +1 scale mail (worn)
 c - a +0 buckler (worn)
Scrolls
 f - a scroll of fog
Potions
 d - 2 potions of might
 g - 3 potions of berserk rage
 h - a potion of heal wounds {unknown}
 k - a potion of mutation {unknown}
 l - a potion of magic {unknown}
 m - 2 potions of attraction {unknown}
 o - a potion of degeneration {unknown}


   Skills:
 + Level 4.1 Fighting
 * Level 3.7 Axes
 + Level 1.1 Throwing
 + Level 4.2 Armour
 + Level 4.2 Shields


You had 3 spell levels left.
You didn't know any spells.
Your spell library contained the following spells:

 Spells                   Type           Power      Damage    Failure   Level
 Apportation              Tloc           0%         N/A       87%         1
 Beastly Appendage        Tmut           0%         N/A       87%         1
 Necrotise                Necr           0%         1d4       87%         1
 Summon Small Mammal      Summ           0%         N/A       87%         1
 Wereblood                Tmut           0%         N/A       95%         2
 Spider Form              Tmut/Pois      0%         N/A       99%         3
 Olgreb's Toxic Radiance  Pois           0%         N/A       100%        4
 Ozocubu's Refrigeration  Ice            0%         4d7       100%        7
 Ignition                 Fire           0%         3d3       100%        8


Dungeon Overview and Level Annotations

Branches:
Dungeon (3/15)

Altars:


Innate Abilities, Weirdness & Mutations

You have a pair of horns on your head.
You reflexively headbutt those who attack you in melee.


Message History

You climb downwards.
The orc priest shouts!
Found a scroll labelled OPASIPH AGAWAEMU.
Found a stone staircase leading down.
There is a stone staircase leading up here.
You closely miss the bat. You slash the orc!
You kill the orc!
The bat hits you but does no damage.
You barely miss the bat. You closely miss the orc priest. You hit the orc.
The bat closely misses you. The bat barely misses you.
You block the orc's attack.
The orc priest hits you but does no damage.
The orc priest calls down the wrath of Beogh upon you.
Pain shoots through your body! The orc attacks as you move away!
The orc hits you with a +0 flail. The bat closely misses you.
The orc priest hits you with a +0 club. The bat barely misses you.
You hit the orc.
The orc is severely wounded.
You hit the bat but do no damage. You slash the orc priest!
You block the bat's attack. x2; The orc barely misses you.
The orc priest closely misses you. The bat misses you.
The bat barely misses you. You furiously retaliate!
You headbutt the bat!
You kill the bat!
The orc priest barely misses you.
The orc priest mumbles some strange prayers to Beogh against you.
Beogh smites you! The orc closely misses you.
You hit the orc.
You kill the orc!
You hit the orc priest. You hit the bat but do no damage.
You barely miss the orc priest. The bat closely misses you.
You furiously retaliate!
You headbutt the bat!
You kill the bat!
The orc priest hits you but does no damage.
The orc priest mumbles some strange prayers to Beogh against you.
Beogh smites you!
* * * LOW HITPOINT WARNING * * *
The orc priest calls down the wrath of Beogh upon you.
Pain shoots through your body!
You die...

# # ##. #.
#..
###.###.##
#........#
#.......>#
#.....wo†#
#......@.#
.......o<#
.........#
.........#
.........#
#....^...#
#........#
##########


You could see a worm and 2 orc priests.

Vanquished Creatures
  Robin (D:2)
  An adder (D:2)
  A worm (D:2)
  2 dart slugs
  2 orcs (D:3)
  4 ball pythons
  8 bats
  An endoplasm (D:1)
  11 goblins
  5 hobgoblins
  3 quokkas
  5 frilled lizards
  2 kobolds (D:1)
  6 rats
52 creatures vanquished.

Vanquished Creatures (others)
  A plant (D:1)
1 creature vanquished.

Grand Total: 53 creatures vanquished

Notes
Turn   | Place    | Note
-------+----------+-------------------------------------------
     0 | D:1      | bmack86 the Minotaur Fighter began the quest for the Orb.
     0 | D:1      | Reached XP level 1. HP: 19/19 MP: 0/0
   139 | D:1      | Reached XP level 2. HP: 27/27 MP: 1/1
   555 | D:2      | Noticed Robin
   562 | D:2      | Reached XP level 3. HP: 23/33 MP: 2/2
   565 | D:2      | Killed Robin
   882 | D:2      | Reached skill level 1 in Throwing
  1138 | D:2      | Reached XP level 4. HP: 39/40 MP: 3/3
  1179 | D:2      | Identified the +0 leather armour of Vexation {+Inv rC+
                  | Slay+3}
  1410 | D:3      | Killed from afar by an orc priest

Illustrated notes

Levels and vault maps discovered:
D:1:      tarquinn_simple_flora_water_a, layout_rooms, fountainhead,
          amcnicky_mini_rare_corridor_liquid, chequers_hall_statues_corner_a
D:2:      minmay_alternating_diamond, layout_loops_ring, uniq_robin
D:3:      layout_rooms, gammafunk_temple_overflow_forgotten, uniq_sigmund

Skill      XL: |  1  2  3 |
---------------+----------+-----
Axes           | 3 |  3.7
Shields        | 4 |  4.2
Fighting       | 4 |  4.1
Armour         | 4 |  4.2
Throwing       | 1 |  1.1

Action                   |  1- 3 |  4- 6 || total
-------------------------+-------+-------++-------
Melee: Broad axe         |    53 |    13 ||    66
       War axe           |     3 |       ||     3
       Headbutt          |     9 |     2 ||    11
  Use: Scroll            |     5 |     1 ||     6
Armor: Scale mail        |    41 |     4 ||    45
Dodge: Dodged            |    47 |    20 ||    67
Block: Buckler           |    19 |     8 ||    27

Table legend: (Time is in decaauts)
 A = Elapsed time spent in this place.
 B = Non-inter-level travel time spent in this place.
 C = Inter-level travel time spent in this place.
 D = Time resting spent in this place.
 E = Time spent auto-exploring this place.
 F = Levels seen in this place.
 G = Mean time per level.
                   A        B        C        D        E       F      G
               +--------+--------+--------+--------+--------+-----+--------+
         Total |   1443 |   1424 |     19 |     76 |    834 |   3 |  481.0 |
       Dungeon |   1443 |   1424 |     19 |     76 |    834 |   3 |  481.0 |
               +--------+--------+--------+--------+--------+-----+--------+

Top non-repeatable levels by time:
     D:2: 891 daAuts
     D:1: 544 daAuts
     D:3: 7 daAuts
